 Dungeon Crawl Stone Soup version 0.28-a0-1080-g05a166d0ed (webtiles) character file.

Game seed: 15055074183739419260

17672 bearlyready the Grappler (level 12, -4/119 HPs)
             Began as a Troll Gladiator on Dec 9, 2021.
             Was an Elder of Ru.
             Slain by a minotaur (31 damage)
             ... in a Gauntlet.
             The game lasted 00:23:14 (11203 turns).

bearlyready the Grappler (Troll Gladiator)         Turns: 11203, Time: 00:23:15

Health: -4/119     AC:  8    Str: 29    XL:     12   Next: 21%
Magic:  0/11       EV: 10    Int:  6    God:    Ru [****..]
Gold:   665        SH:  0    Dex: 11    Spells: 11/11 levels left

rFire   + + .      SeeInvis +     - Unarmed
rCold   + . .      Faith    .   (no shield)
rNeg    . . .      Spirit   +   H - +0 acid dragon scales
rPois   .          Reflect  .   b - +0 hat
rElec   .          Harm     .   E - scarf {rC+ rF+}
rCorr   +          Rampage  .   (gloves unavailable)
Will    +....      NoTele   +   (boots unavailable)
Stlth   +.........              j - amulet of Seata Qao {Spirit rF+ Int+2}
HPRegen 1.09/turn               e - ring of willpower
MPRegen 0.12/turn               K - ring of see invisible

@: mighty, unable to read
A: large, unfitting armour, claws 3, regeneration 1, shaggy fur 1, tough skin 1,
inability to read while threatened, hated by all, no ice magic, no necromancy
magic, no transmutations magic
a: Renounce Religion, Draw Out Power, Power Leap


You were in a Gauntlet.
You worshipped Ru.
Ru was greatly pleased with you.
You visited 2 branches of the dungeon, and saw 13 of its levels.
You also visited: Gauntlet.

You collected 665 gold pieces.

Inventory:

Missiles
 c - 6 boomerangs (quivered)
 G - 6 poisoned darts
 I - 6 large rocks
 L - 8 atropa-tipped darts
Armour
 a - a +0 robe
 b - a +0 hat (worn)
 l - a +0 kite shield
 m - a +2 cloak
 E - a scarf of resistance (worn)
 H - +0 acid dragon scales (worn)
Jewellery
 e - a ring of willpower (left claw)
 i - an amulet of the acrobat
 j - the amulet of Seata Qao (around neck) {Spirit rF+ Int+2}
   (You found it in a Gauntlet)

   [amulet of guardian spirit]

   It causes incoming damage to be divided between your reserves of health and
   magic.
   Int:       It affects your intelligence (+2).
   rF:        It protects you from fire.
 s - an amulet of faith
 K - a ring of see invisible (right claw)
Scrolls
 d - 7 scrolls of blinking
 f - 5 scrolls of teleportation
 n - 2 scrolls of fog
 o - a scroll of fear {unknown}
 q - 2 scrolls of vulnerability
 t - 3 scrolls of brand weapon
 v - a scroll of noise
 w - a scroll of enchant armour {unknown}
 y - a scroll of magic mapping
 C - 2 scrolls of enchant weapon {unknown}
 D - a scroll of immolation {unknown}
 J - a scroll of holy word {unknown}
Potions
 g - 2 potions of lignification
 h - 2 potions of attraction {unknown}
 k - a potion of curing
 r - a potion of might
 u - 2 potions of haste {unknown}
 z - a potion of cancellation {unknown}
 A - a potion of flight {unknown}
 B - a potion of brilliance {unknown}
 F - 2 potions of heal wounds {unknown}


   Skills:
 + Level 7.7 Fighting
 + Level 8.9 Throwing
 + Level 3.6 Armour
 + Level 4.5 Dodging
 - Level 2.0 Shields
 + Level 14.1 Unarmed Combat


You had 11 spell levels left.
You didn't know any spells.
Your spell library contained the following spells:

 Spells                   Type           Power      Damage    Failure   Level
 Conjure Flame            Conj/Fire      0%         6-21      87%         3
 Gell's Gravitas          Tloc           0%         N/A       87%         3
 Lesser Beckoning         Tloc           0%         N/A       87%         3
 Teleport Other           Tloc           0%         N/A       87%         3
 Sticky Flame             Conj/Fire      0%         2d3       99%         4
 Iskenderun's Battlesphe  Conj           0%         2d6       100%        5
 Iron Shot                Conj/Erth      0%         9d1       100%        6
 Maxwell's Capacitive Co  Air            0%         ∞         100%        8
 Ensorcelled Hibernation  Hex/Ice        Unusable   N/A       N/A         2
 Ignite Poison            Fire/Tmut/Pois Unusable   N/A       N/A         3
 Spider Form              Tmut/Pois      Unusable   N/A       N/A         3
 Hailstorm                Conj/Ice       Unusable   3d3       N/A         4
 Ice Form                 Ice/Tmut       Unusable   N/A       N/A         4
 Summon Lightning Spire   Summ/Air       Unusable   N/A       N/A         4
 Simulacrum               Ice/Necr       Unusable   N/A       N/A         6
 Spellforged Servitor     Conj/Summ      Unusable   N/A       N/A         7
 Storm Form               Tmut/Air       Unusable   N/A       N/A         7

Dungeon Overview and Level Annotations

Branches:
Dungeon (12/15)            Temple (1/1) D:6            Lair (0/6) D:10
    Orc (0/2) D:9         Gauntlet (1/1)

Altars:
Ashenzari
Cheibriados
Dithmenos
Elyvilon
Fedhas
Gozag
Hepliaklqana
Kikubaaqudgha
Makhleb
Nemelex Xobeh
Okawaru
Qazlal
Ru
Sif Muna
Trog
Uskayaw
Vehumet
Wu Jian
Xom
Yredelemnul
Zin
The Shining One

Shops:
D:5 *   D:8 (

Annotations:
Gauntlet 8 transporters, 1 runed translucent door


Innate Abilities, Weirdness & Mutations

You are too large for most types of armour.
You have claws for hands.
Your natural rate of healing is unusually fast.
You are covered in fur. (AC +1)
You have tough skin. (AC +1)
You sometimes lose the ability to read scrolls when taking damage.
You are hated by all.
You cannot study or cast Ice magic.
You cannot study or cast Necromancy magic.
You cannot study or cast Transmutations magic.


Message History

j - the amulet of Seata Qao (around neck) {Spirit rF+ Int+2}
There is a transporter here.
You enter the transporter and appear at another place.
Drop what? 38/52 slots (_ for help) (? for menu, Esc to quit)
You drop an amulet of guardian spirit.
A minotaur comes into view.
It is wielding a +6 trident of venom, wearing a +2 chain mail of willpower, wearing the ring "Efennabb" {Dex+6 Stlth+} and quivering silver javelins.
Throw: dart (curare)
Press: ? - help, Q - select action, (/) - cycle Shift-Dir - straight line, f - minotaur
Aim: a minotaur, wielding a +6 trident of venom, wearing a +2 chain mail of willpower, wearing the ring "Efennabb" {Dex+6 Stlth+} and quivering silver javelins (wandering, hasn't noticed you, 74% to hit)
You throw a curare-tipped dart.
The curare-tipped dart barely misses the minotaur.
The minotaur bellows!
The minotaur throws a silver javelin.
The silver javelin pierces through you!!
You see here an amulet of guardian spirit.
You start resting.
A minotaur is nearby!
You feel very mighty all of a sudden.
The minotaur is stunned by your conviction and fails to attack.
The minotaur hits you from afar with a +6 trident of venom!
You feel threatened and lose the ability to read scrolls!
You are poisoned.
You feel sick.
The minotaur hits you with a +6 trident of venom!!
You are more poisoned.
The minotaur gores you but does no damage.
You scratch the minotaur.
The minotaur is lightly wounded.
You feel very sick.
You barely miss the minotaur.
The minotaur furiously retaliates!
The minotaur headbutts you.
The minotaur is lightly wounded.
You feel very sick.
The minotaur hits you with a +6 trident of venom!!
* * * LOW HITPOINT WARNING * * *
The minotaur gores you!
* * * LOW HITPOINT WARNING * * *
You feel better.
The minotaur hits you with a +6 trident of venom!!
You die...

......#...≈##
#######...##
........♣.≈##
#######.P.≈≈#####
...=YY#...≈##...#
#####!#.P.###.♣.# ####
....#©#.♣..##...# ...
###.###.P...#.♣.##.#
..#..Y#..P♣.#...@H.#
#.###.#...P.#.©"##.#
#...+.#.....#...# ...
#######.....#.©.##.##.#
.........∩..#......# '.
#######.....#.©.##.# (#
..xX###.....#...# .. #
##.####...P.#.©.##.#
##..=X#...♣.#.....


You could see a minotaur.

Vanquished Creatures
  3 two-headed ogres
  A goliath frog (shapeshifter) (Gauntlet)
  A manticore (D:12)
  Maurice (D:9)
  3 kobold demonologists (D:12)
  2 unseen horrors
  4 trolls
  A queen bee (Gauntlet)
  3 hornets
  A polar bear (D:9)
  A jumping spider (shapeshifter) (Gauntlet)
  2 wraiths
  A wyvern (shapeshifter) (Gauntlet)
  2 wyverns
  4 shadows
  A vampire (D:10)
  2 steam dragons
  19 yaks
  6 vampire mosquitoes (D:11)
  A water moccasin (D:6)
  An acid dragon (D:10)
  A black bear (D:10)
  6 orc warriors
  3 ice beasts
  6 centaurs
  2 wolves (D:9)
  4 ogres
  A phantom (D:6)
  2 kobold brigands
  7 bullfrogs
  3 scorpions
  A wyvern skeleton (D:6)
  A water moccasin skeleton (D:6)
  12 killer bees
  4 wights (D:9)
  3 howler monkeys (D:10)
  An electric eel (D:9)
  7 centaur zombies
  2 bullfrog zombies
  A jelly (D:6)
  2 bullfrog skeletons (D:5)
  2 gnoll shamans
  7 orc priests
  2 hounds
  An iguana (D:5)
  3 orc wizards
  A scorpion zombie (D:5)
  3 centaur simulacra (D:9)
  A hound skeleton (D:4)
  12 gnolls
  A howler monkey skeleton (D:7)
  4 adders
  A shadow imp (D:8)
  5 white imps
  3 worms
  2 dart slugs
  23 orcs
  8 bats
  3 endoplasms
  2 giant cockroaches
  3 goblins (D:2)
  8 hobgoblins
  3 jackals (D:1)
  20 kobolds
  11 ball pythons
  2 frilled lizards (D:2)
  5 rats
265 creatures vanquished.

Vanquished Creatures (others)
  2 centaurs (D:10)
  10 fungi (D:10)
  12 plants
24 creatures vanquished.

Grand Total: 289 creatures vanquished

Notes
Turn   | Place    | Note
-------+----------+-------------------------------------------
     0 | D:1      | bearlyready the Troll Gladiator began the quest for the
                  | Orb.
     0 | D:1      | Reached XP level 1. HP: 19/19 MP: 0/0
    84 | D:1      | Reached XP level 2. HP: 27/27 MP: 1/1
   365 | D:1      | Reached skill level 4 in Unarmed Combat
   635 | D:1      | Reached XP level 3. HP: 33/33 MP: 2/2
   904 | D:1      | Found a faded altar of an unknown god.
  1225 | D:2      | Reached skill level 5 in Unarmed Combat
  1225 | D:2      | Reached XP level 4. HP: 41/41 MP: 3/3
  1306 | D:2      | Reached XP level 5. HP: 43/45 MP: 4/4
  1760 | D:3      | Reached skill level 6 in Unarmed Combat
  2088 | D:3      | Noticed an ogre
  2119 | D:3      | Killed an ogre
  2282 | D:3      | Noticed an ogre
  2295 | D:3      | Killed an ogre
  2296 | D:3      | Reached skill level 7 in Unarmed Combat
  2296 | D:3      | Reached XP level 6. HP: 55/55 MP: 5/5
  3124 | D:5      | Entered Level 5 of the Dungeon
  3145 | D:5      | Noticed a wyvern
  3211 | D:5      | Killed a wyvern
  3212 | D:5      | Reached skill level 8 in Unarmed Combat
  3212 | D:5      | Reached XP level 7. HP: 17/62 MP: 6/6
  3472 | D:5      | Found Etixzop's Gadget Gallery.
  3665 | D:5      | Reached skill level 9 in Unarmed Combat
  3787 | D:6      | Reached XP level 8. HP: 54/70 MP: 7/7
  3861 | D:6      | Reached skill level 10 in Unarmed Combat
  4122 | D:6      | Found a glowing silver altar of Zin.
  4160 | D:6      | Found a staircase to the Ecumenical Temple.
  4211 | Temple   | Entered the Ecumenical Temple
  4525 | Temple   | Became a worshipper of Ru the Awakened
  4726 | D:6      | Reached skill level 11 in Unarmed Combat
  4985 | D:7      | Reached XP level 9. HP: 35/79 MP: 8/8
  5180 | D:7      | Noticed a two-headed ogre
  5189 | D:7      | Killed a two-headed ogre
  5598 | D:7      | Reached skill level 5 in Throwing
  5981 | D:8      | Found Ric Ybre's Weapon Shop.
  6061 | D:8      | Gained mutation: You sometimes lose the ability to read
                  | scrolls when taking damage. [Ru sacrifice]
  6061 | D:8      | Reached * piety under Ru
  6254 | D:8      | Reached skill level 12 in Unarmed Combat
  6271 | D:8      | Found a broken altar of Ashenzari.
  6573 | D:8      | Reached XP level 10. HP: 68/94 MP: 9/9
  6666 | D:8      | Reached skill level 5 in Fighting
  6974 | D:9      | Paralysed by a hornet for 2 turns
  7324 | D:9      | Found a staircase to the Orcish Mines.
  7600 | D:9      | Noticed Maurice
  7658 | D:9      | Noticed a two-headed ogre
  7682 | D:9      | Killed a two-headed ogre
  7683 | D:9      | Reached skill level 13 in Unarmed Combat
  8114 | D:9      | Killed Maurice
  8344 | D:9      | Reached XP level 11. HP: 80/99 MP: 10/10
  8351 | D:9      | Reached skill level 1 in Shields
  8435 | D:9      | Found a burning altar of Makhleb.
  8769 | D:10     | Entered Level 10 of the Dungeon
  8797 | D:10     | Gained mutation: You cannot study or cast Ice magic. [Ru
                  | sacrifice]
  8797 | D:10     | Gained mutation: You cannot study or cast Transmutations
                  | magic. [Ru sacrifice]
  8797 | D:10     | Gained mutation: You cannot study or cast Necromancy magic.
                  | [Ru sacrifice]
  8797 | D:10     | Reached ** piety under Ru
  8824 | D:10     | Noticed a two-headed ogre
  8831 | D:10     | Killed a two-headed ogre
  8976 | D:10     | Found a staircase to the Lair.
  9157 | D:10     | Found a shimmering altar of Xom.
  9352 | D:10     | Reached skill level 1 in Armour
 10123 | D:11     | Identified the +6 whip of Enolo {elec, rPois rN++ MP-9}
 10485 | D:12     | Gained mutation: You are hated by all. [Ru sacrifice]
 10485 | D:12     | Reached *** piety under Ru
 10485 | D:12     | Reached **** piety under Ru
 10498 | D:12     | Noticed an eight-headed hydra
 10576 | D:12     | Noticed a sixfirhy
 10586 | D:12     | Reached XP level 12. HP: 34/118 MP: 3/11
 10671 | D:12     | Reached skill level 14 in Unarmed Combat
 10683 | D:12     | Found a gate leading to a gauntlet.
 10688 | Gauntlet | Entered a Gauntlet
 10688 | Gauntlet | Found a transporter.
 10702 | Gauntlet | Found a transporter.
 10704 | Gauntlet | Found a transporter.
 10712 | Gauntlet | Noticed a tengu warrior
 10715 | Gauntlet | Found a transporter.
 10718 | Gauntlet | Found a transporter.
 10727 | Gauntlet | Noticed a quicksilver ooze
 10729 | Gauntlet | Found a transporter.
 10744 | Gauntlet | Found a transporter.
 10751 | Gauntlet | Found a runed translucent door.
 10755 | Gauntlet | Found a transporter.
 10757 | Gauntlet | Noticed a dire elephant
 10762 | Gauntlet | Noticed a quicksilver ooze
 10764 | Gauntlet | Found a transporter.
 10778 | Gauntlet | Found a transporter.
 10780 | Gauntlet | Noticed a storm dragon
 10780 | Gauntlet | a quicksilver ooze changed into a storm dragon
 10783 | Gauntlet | Noticed an emperor scorpion
 10783 | Gauntlet | a storm dragon changed into an emperor scorpion
 10785 | Gauntlet | Noticed a great orb of eyes
 10785 | Gauntlet | an emperor scorpion changed into a great orb of eyes
 10787 | Gauntlet | Noticed a satyr
 10787 | Gauntlet | a great orb of eyes changed into a satyr
 10788 | Gauntlet | a satyr changed into a tyrant leech
 10793 | Gauntlet | Found a transporter.
 10793 | Gauntlet | Found a transporter.
 10831 | Gauntlet | Noticed an ice dragon
 10831 | Gauntlet | a goliath frog changed into an ice dragon
 10833 | Gauntlet | Found a transporter.
 10836 | Gauntlet | Noticed a fire dragon
 10836 | Gauntlet | an ice dragon changed into a fire dragon
 10838 | Gauntlet | Noticed a satyr
 10838 | Gauntlet | a fire dragon changed into a satyr
 10847 | Gauntlet | Found a transporter.
 11093 | Gauntlet | Noticed an ice dragon
 11093 | Gauntlet | a shining eye changed into an ice dragon
 11095 | Gauntlet | an ice dragon changed into a tyrant leech
 11100 | Gauntlet | Noticed a quicksilver ooze
 11100 | Gauntlet | a tyrant leech changed into a quicksilver ooze
 11107 | Gauntlet | a quicksilver ooze changed into a goliath frog
 11111 | Gauntlet | Noticed an emperor scorpion
 11112 | Gauntlet | Noticed a ghost moth
 11112 | Gauntlet | an emperor scorpion changed into a ghost moth
 11114 | Gauntlet | a ghost moth changed into a goliath frog
 11167 | Gauntlet | Identified the amulet of Seata Qao {Spirit rF+ Int+2}
 11190 | Gauntlet | Identified the ring "Efennabb" {Dex+6 Stlth+}
 11190 | Gauntlet | Noticed a minotaur
 11203 | Gauntlet | Slain by a minotaur

Illustrated notes

Levels and vault maps discovered:
D:1:      giann_wishing_wells, layout_basic, shapermc_ecumenical_altar_petra
D:2:      cheibrodos_old_hovel, layout_loops_ring, due_unseen_surprise
D:3:      layout_basic, serial_park_tiny_pond
D:4:      layout_basic, grunt_ministairs_13
D:5:      layout_rooms, nrook_campfire, st_stairs_1, nicolae_shop_gadgets
D:6:      layout_gridville, mainiacjoe_overflow_concentric_impassable,
          minmay_temple_entry_poolview
D:7:      layout_basic
D:8:      layout_loops_ring, old_standard_altar, serial_shops,
          nicolae_shop_bloodbath_and_beyond, nicolae_underground_beach
D:9:      layout_grid_maze, lemuel_tele_altar, david_orc_3, serial_ice,
          serial_ice_a, serial_ice_b, serial_ice_c, serial_ice_j, serial_ice_d,
          serial_ice_e, serial_ice_h, corexii_leaking_fountain, uniq_maurice
D:10:     layout_roguey, xom_confusion_cloud, grunt_lair_entry_orc_guard_hut,
          columned_hall_lemuel, nicolae_elevator_lobby_asterisk
D:11:     layout_loops_cross
D:12:     nicolae_cairo_tiling_very_big, layout_loops_cross,
          gauntlet_entry_generic
Temple:   dpeg_five_rooms_temple
Gauntlet: minmay_gauntlet_77_tree [minmay_gauntlet_arena_77_hold_the_fort,
          minmay_gauntlet_arena_77_squiggly, minmay_gauntlet_arena_77_braids,
          minmay_gauntlet_arena_77_broken_ladder, minmay_gauntlet_arena_77_path,
          minmay_gauntlet_arena_77_p_blocks,
          minmay_gauntlet_arena_77_tiled_triplets, gauntlet_exit_watery]

Skill      XL: |  1  2  3  4  5  6  7  8  9 10 11 12 |
---------------+-------------------------------------+-----
Unarmed Combat | 4 5 7 8 9 11 12 13 14 | 14.1
Throwing       | 3 5 7 8 |  8.9
Fighting       | 2 4 6 7 |  7.7
Shields        | 2 |  2.0
Armour         | 3 |  3.6
Dodging        | 4 |  4.5

Action                   |  1- 3 |  4- 6 |  7- 9 | 10-12 || total
-------------------------+-------+-------+-------+-------++-------
Melee: Unarmed           |   103 |   125 |   212 |   389 ||   829
       Punch             |     1 |     2 |    12 |    24 ||    39
Throw: Throwing net      |       |     6 |       |       ||     6
       Boomerang         |       |       |     8 |    67 ||    75
       Dart              |       |       |       |     4 ||     4
Invok: Sacrifice Words   |       |       |     1 |       ||     1
       Power Leap        |       |       |       |     1 ||     1
       Sacrifice Love    |       |       |       |     1 ||     1
       Sacrifice Arcana  |       |       |       |     1 ||     1
Evoke: Wand              |       |       |     8 |     4 ||    12
  Use: Potion            |       |     1 |     2 |     6 ||     9
       Scroll            |       |       |       |     9 ||     9
 Stab: Held in net/web   |       |     3 |       |       ||     3
       Sleeping          |       |       |     2 |     1 ||     3
       Invisible         |       |       |       |     1 ||     1
Armor: Robe              |    39 |    26 |    47 |    34 ||   146
       Acid dragon scale |       |       |       |    73 ||    73
       Skin              |       |       |       |    13 ||    13
Dodge: Dodged            |    58 |    86 |   119 |   207 ||   470

Table legend: (Time is in decaauts)
 A = Elapsed time spent in this place.
 B = Non-inter-level travel time spent in this place.
 C = Inter-level travel time spent in this place.
 D = Time resting spent in this place.
 E = Time spent auto-exploring this place.
 F = Levels seen in this place.
 G = Mean time per level.
                   A        B        C        D        E       F      G
               +--------+--------+--------+--------+--------+-----+--------+
         Total |  11126 |  10546 |    580 |    411 |   7686 |  14 |  794.7 |
       Dungeon |  10255 |   9782 |    473 |    304 |   7235 |  12 |  854.6 |
        Temple |    366 |    260 |    106 |      0 |    248 |   1 |  366.0 |
      Gauntlet |    504 |    504 |      0 |    107 |    203 |   1 |  504.0 |
               +--------+--------+--------+--------+--------+-----+--------+

Top non-repeatable levels by time:
     D:9: 1598 daAuts
     D:7: 1136 daAuts
     D:8: 1061 daAuts
     D:1: 937 daAuts
    D:10: 900 daAuts
     D:4: 855 daAuts
     D:6: 844 daAuts
     D:2: 775 daAuts
     D:3: 611 daAuts
    D:11: 606 daAuts
     D:5: 545 daAuts
Gauntlet: 504 daAuts
    D:12: 379 daAuts
  Temple: 366 daAuts
